 Dungeon Crawl Stone Soup version 0.28.0 (webtiles) character file.

Game seed: 12629435547579645289

72 pkoi the Insei (level 3, -5/28 HPs)
             Began as a Demigod Transmuter on Feb 11, 2022.
             Splashed by a jelly's acid (6 damage)
             ... on level 2 of the Dungeon.
             The game lasted 00:02:37 (2270 turns).

pkoi the Insei (Demigod Transmuter)                 Turns: 2270, Time: 00:02:38

Health: -5/28      AC: -4    Str: 11    XL:     3   Next: 80%
Magic:  5/8        EV: 12    Int: 19    God:
Gold:   105        SH:  0    Dex: 14    Spells: 0/6 levels left

rFire   . . .      SeeInvis .     - Unarmed
rCold   . . .      Faith    .   (no shield)
rNeg    . . .      Spirit   .   a - +0 robe
rPois   .          Reflect  .   (helmet currently unavailable)
rElec   .          Harm     .   b - +1 cloak
rCorr   .          Rampage  .   (no gloves)
Will    .....                   (boots currently unavailable)
Stlth   +.........              (no amulet)
HPRegen 0.09/turn               (no ring)
MPRegen 0.11/turn               (no ring)

@: appendages (expiring), corroded, very slightly contaminated
A: horns 2, talons 2, high MP 1, forlorn, divine attributes
a: End Transformation


You were on level 2 of the Dungeon.
You had temporarily grown beastly horns and talons.
You visited 1 branch of the dungeon, and saw 2 of its levels.

You collected 105 gold pieces.

Inventory:

Armour
 a - a +0 robe (worn)
 b - a +1 cloak (worn)
Scrolls
 d - 3 scrolls of identify {unknown}
 e - a scroll of enchant armour {unknown}
 f - a scroll of teleportation {unknown}
Potions
 c - 2 potions of berserk rage {unknown}


   Skills:
 + Level 1.4 Fighting
 + Level 2.3 Dodging
 * Level 3.3 Unarmed Combat
 + Level 2.2 Spellcasting
 + Level 2.2 Transmutations
 + Level 0.0 Poison Magic


You couldn't memorise any spells.
You knew the following spells:

 Your Spells              Type           Power      Damage    Failure   Level
a - Beastly Appendage     Tmut           20%        N/A       7%          1
b - Wereblood             Tmut           10%        N/A       10%         2
c - Spider Form           Tmut/Pois      6%         N/A       30%         3

Your spell library contained the following spells:

 Spells                   Type           Power      Damage    Failure   Level
 Ice Form                 Ice/Tmut       6%         N/A       71%         4


Dungeon Overview and Level Annotations

Branches:
Dungeon (2/15)

Shops:
D:1 ?


Innate Abilities, Weirdness & Mutations

You have temporarily grown beastly horns and talons.
You have an increased reservoir of magic. (+10% MP)
You shall have no god before yourself.
Your divine heritage dramatically boosts your attributes as you level up.


Message History

A frilled lizard comes into view.
The worm closely misses you.
Casting: Wereblood (safe; 10% risk of failure)
Confirm with . or Enter, or press ? or * to list all spells.
You grow a pair of large bovine horns.
Your feet morph into talons.
Your transformation is almost over.
The goblin closely misses you.
Casting: Beastly Appendage (safe; 7% risk of failure)
Confirm with . or Enter, or press ? or * to list all spells.
You miscast Wereblood.
You are very lightly contaminated with residual magic.
Nothing appears to happen.
The goblin hits you with a +0 club. The worm bites you!
* * * LOW HITPOINT WARNING * * *
You barely miss the worm. You claw the worm.
The worm is moderately wounded.
The goblin hits you but does no damage.
Unknown command.
You hit the worm. You claw the worm. You headbutt the worm.
You kill the worm!
The goblin hits you with a +0 club.
* * * LOW HITPOINT WARNING * * *
Unknown command.
You hit the jelly. The acid corrodes you!
Your hands burn!
* * * LOW HITPOINT WARNING * * *
You claw the jelly, but do no damage.
The jelly is moderately wounded.
The goblin completely misses you. The jelly hits you.
* * * LOW HITPOINT WARNING * * *
You are splashed with acid!
* * * LOW HITPOINT WARNING * * *
Unknown command.
You hit the jelly but do no damage. The acid corrodes you!
Your hands burn!
* * * LOW HITPOINT WARNING * * *
You claw the jelly.
The jelly is severely wounded.
The goblin completely misses you. The jelly hits you.
* * * LOW HITPOINT WARNING * * *
You are splashed with acid.
You die...

# .........### ...
##.# #......##.# .#
.#.# #.........#####..
...# #......#.........
...####...............
.#...........#.>......
....###......#.##.####
.##.# #...........#
###.###..)..(..#@## #
#..#####.....#Jg.#
#....####...##l.!...
##.#).......##.###...#
####รท#####...###.#
..# ........###..# #.#
.# ####......#...##..
. ##.............
##....#.......


You could see a jelly, a goblin and a frilled lizard.

Vanquished Creatures
  2 adders (D:2)
  2 worms (D:2)
  4 dart slugs (D:1)
  2 endoplasms
  A giant cockroach (D:1)
  2 goblins
  6 hobgoblins
  2 ball pythons
  3 bats
  3 frilled lizards
  8 kobolds
  8 rats
43 creatures vanquished.

Notes
Turn   | Place    | Note
-------+----------+-------------------------------------------
     0 | D:1      | pkoi the Demigod Transmuter began the quest for the Orb.
     0 | D:1      | Reached XP level 1. HP: 15/15 MP: 5/5
   173 | D:1      | Reached skill level 1 in Fighting
   555 | D:1      | Reached XP level 2. HP: 20/23 MP: 5/7
   655 | D:1      | Reached skill level 3 in Unarmed Combat
   916 | D:1      | Learned a level 2 spell: Wereblood
  1227 | D:1      | Found Luastil's Magic Scroll Boutique.
  1245 | D:1      | Reached XP level 3. HP: 28/28 MP: 8/8
  1933 | D:2      | Learned a level 3 spell: Spider Form
  2270 | D:2      | HP: 1/28 [jelly (3)]
  2270 | D:2      | Splashed by a jelly's acid

Illustrated notes

Levels and vault maps discovered:
D:1:      psy_arrival_spokes, layout_basic, serial_shops, shop,
          shapermc_ecumenical_altar_mp_highgroup
D:2:      layout_rooms, minmay_misc_feat_cross, grunt_decor_arrowhead

Skill      XL: |  1  2 |
---------------+-------+-----
Fighting       | 1 |  1.4
Transmutations | 2 |  2.2
Unarmed Combat | 3 |  3.3
Dodging        | 2 |  2.3
Spellcasting   | 2 |  2.2

Action                   || total
-------------------------++-------
Melee: Unarmed           ||   136
       Kick              ||    16
       Headbutt          ||     7
       Punch             ||     8
 Cast: Beastly Appendage ||    15
       Wereblood         ||     6
Armor: Robe              ||    22
Dodge: Dodged            ||    73
